 Dungeon Crawl Stone Soup version 0.16.1-11-g651b585 (webtiles) character file.

401 Chiseanne the Skirmisher (level 6, -4/49 HPs)
             Began as a Mummy Wanderer on Mar 30, 2015.
             Was an Initiate of Gozag.
             Slain by Blork the orc
             ... wielding a +0 scimitar
              (8 damage)
             ... on level 4 of the Dungeon.
             The game lasted 00:11:57 (3611 turns).

Chiseanne the Skirmisher (Mummy Wanderer)           Turns: 3611, Time: 00:11:57

Health: -4/49      AC:  9    Str: 16    XL:     6   Next: 54%
Magic:  8/8        EV:  7    Int:  9    God:    Gozag
Gold:   52         SH:  8    Dex: 14    Spells: 1 memorised, 6 levels left

rFire  x . .     SeeInvis .     a - +3 mace
rCold  + . .     Clarity  .     j - +0 scale mail
rNeg   + + +     SustAb   .     h - +0 shield
rPois  ∞         Gourm    .     k - +1 helmet
rElec  .         Spirit   .     (no cloak)
rCorr  .         Warding  .     (no gloves)
rMut   .         Stasis   .     (no boots)
MR     .....                    (no amulet)
Stlth  ..........               (no ring)
                                (no ring)

@: not resistant to hostile enchantments, extremely unstealthy
A: no food or potions, fire vulnerability, restore body, cold resistance 1,
negative energy resistance 3, poison resistance, torment resistance, unbreathing
a: Potion Petition, Call Merchant, Bribe Branch, Renounce Religion


You were on level 4 of the Dungeon.
You worshipped Gozag.
Gozag was noncommittal.
You were not hungry.

You visited 1 branch of the dungeon, and saw 4 of its levels.

You collected 132 gold pieces.
You paid 80 gold pieces to Gozag.

Inventory:

Hand weapons
 a - a +3 mace (weapon)
Missiles
 d - 2 tomahawks (quivered)
 f - 20 sling bullets
 g - 26 bolts
Armour
 h - a +0 shield (worn)
 j - a +0 scale mail (worn)
 k - a +1 helmet (worn)
Scrolls
 c - a scroll of teleportation
 e - a scroll of remove curse
 l - a scroll of identify
Books
 b - Yracs' Collected Works on Stones

   Spells                             Type                      Level
   a - Sandblast                      Earth                        1
   b - Stone Arrow                    Conjuration/Earth            3


   Skills:
 * Level 4.5 Fighting
 - Level 1.0 Maces & Flails
 * Level 3.2 Armour
 - Level 1.8 Dodging
 * Level 1.3 Shields
 - Level 1.0 Spellcasting
   Level 1.5 Ice Magic
   Level 1.5 Air Magic
 - Level 0.1 Earth Magic
   Level 1.5 Evocations


You had 6 spell levels left.
You knew the following spells:

 Your Spells              Type           Power        Failure   Level  Hunger
a - Sandblast             Erth           #.....       100%        1    N/A

Dungeon Overview and Level Annotations

Branches:
Dungeon (4/15)
 Temple: D:4-7

Altars:
Dithmenos
Elyvilon
Gozag
The Shining One

Annotations:
D:4 Blork the orc


Innate Abilities, Weirdness & Mutations

You do not eat or drink.
Your flesh is vulnerable to fire.
Your flesh is cold resistant.
You are immune to negative energy.
Your system is resistant to poisons.
You are immune to unholy pain and torment.
You can survive without breathing.


Message History

Blork the orc is severely wounded.
You block Blork the orc's attack.
Blork the orc mumbles some strange words.
Blork the orc flickers and vanishes!
Deactivating autopickup; reactivate with Ctrl-A.
You closely miss something. Something hits you but does no damage.
Something hits you.
* * * LOW HITPOINT WARNING * * *
Your shield and scale mail prevent you from hitting something.
You hear some strange, mumbled words.
A puff of flame appears from out of thin air!
The puff of flame hits you! The fire burns you terribly!
* * * LOW HITPOINT WARNING * * *
Something hits you.
* * * LOW HITPOINT WARNING * * *
You hit something.
You hear some strange, mumbled words.
You feel troubled. Something hits you!
You die...
Your body crumbles into a pile of gold.

# ##..### .# ##...## ..#
#....# #### ..o# ##...##
#..# #...## #....## #..#
#...###....!## ##..#
#...........## #...#
#.......§§...#####...#
## #.....§§§..){@<.....#
.###...................#
......................##
.....)!...............#
.....................##
......#######.!%.....#
.....## #.....<..#
##ogr# ##........# ##<.#
#....%)...#


There were no monsters in sight!

Vanquished Creatures
  A phantom (D:4)
  An orc wizard (D:3)
  3 orc priests
  A giant frog skeleton (D:4)
  A worker ant (D:4)
  Robin (D:2)
  4 adders (D:3)
  A worm (D:4)
  An adder zombie (D:3)
  4 giant geckos
  An ooze (D:3)
  11 orcs
  2 giant cockroaches
  11 goblins
  9 hobgoblins
  5 jackals
  5 kobolds
  A quokka (D:3)
  A ball python (D:1)
  10 bats
  3 giant newts
  A quokka skeleton (D:4)
  8 rats
86 creatures vanquished.

Notes
Turn   | Place    | Note
--------------------------------------------------------------
     0 | D:1      | Chiseanne, the Mummy Wanderer, began the quest for the Orb.
     0 | D:1      | Chiseanne set off with: a +2 mace, Yracs' Collected Works on Stones, a scroll of teleportation, a +0 robe
     0 | D:1      | Reached XP level 1. HP: 16/16 MP: 2/2
     0 | D:1      | Identified Yracs' Collected Works on Stones
     2 | D:1      | Learned a level 1 spell: Sandblast
   309 | D:1      | Reached XP level 2. HP: 23/23 MP: 3/3
   463 | D:1      | Reached skill level 3 in Fighting
   756 | D:1      | Found a glowing golden altar of the Shining One.
   834 | D:1      | Reached XP level 3. HP: 29/29 MP: 4/4
   961 | D:2      | Found a white marble altar of Elyvilon.
  1028 | D:2      | Noticed Robin
  1472 | D:2      | Killed Robin
  1777 | D:3      | Reached skill level 1 in Dodging
  1824 | D:3      | Reached skill level 1 in Armour
  1884 | D:3      | Reached XP level 4. HP: 23/36 MP: 5/5
  2297 | D:3      | Reached XP level 5. HP: 38/42 MP: 7/7
  2322 | D:3      | Found an opulent altar of Gozag.
  2831 | D:4      | Noticed Blork the orc
  2880 | D:3      | Became a worshipper of Gozag Ym Sagoz the Greedy
  2951 | D:4      | Found a shadowy altar of Dithmenos.
  2954 | D:4      | Noticed a phantom
  2985 | D:3      | Reached skill level 4 in Fighting
  3201 | D:4      | Killed a phantom
  3201 | D:4      | Reached XP level 6. HP: 45/48 MP: 8/8
  3213 | D:4      | Reached skill level 1 in Shields
  3611 | D:4      | Slain by Blork the orc

Action                   |  1- 3 |  4- 6 || total
-------------------------+-------+-------++-------
Melee: Mace              |   126 |   214 ||   340
  Use: Scroll            |     4 |     2 ||     6
